 Dungeon Crawl Stone Soup version 0.29.1-12-g30fa7ad0bf (webtiles) character file.

Game seed: 17732696912193806930

82 javelincjr the Magician (level 4, 0/31 HPs)
             Began as a Djinni Conjurer on Jan 18, 2023.
             Slain by Robin
             ... wielding a +2 mace of protection
              (9 damage)
             ... on level 2 of the Dungeon.
             The game lasted 00:05:30 (2431 turns).

javelincjr the Magician (Djinni Conjurer)           Turns: 2431, Time: 00:05:31

Health: 0/31       AC:  2    Str:  6    XL:     4   Next: 70%
Gold:   90         EV: 12    Int: 21    God:
                   SH:  0    Dex: 12

rFire   + + +      SeeInvis .   i - staff of fire
rCold   x . .      Faith    .   (no shield)
rNeg    . . .      Spirit   .   a - +0 robe
rPois   ∞          Reflect  .   (no helmet)
rElec   .          Harm     .   (no cloak)
rCorr   .          Rampage  .   (no gloves)
Will    .....                   (boots unavailable)
Stlth   ++........              (no amulet)
HPRegen 0.10/turn               (no ring)
MPRegen 0.00/turn               (no ring)

@: flying
A: sickness immunity, fire resistance 2, cold vulnerability 1, float, innate
caster, HP casting, extra vitality 1
a: no special abilities


You were on level 2 of the Dungeon.
You visited 1 branch of the dungeon, and saw 2 of its levels.

You collected 90 gold pieces.

Inventory:

Armour
 a - a +0 robe (worn)
Magical Staves
 i - a staff of fire (weapon)
Scrolls
 c - a scroll of identify {unknown}
 d - a scroll of noise {unknown}
 f - 2 scrolls of teleportation {unknown}
 h - 3 scrolls of poison {unknown}
 j - a scroll of magic mapping {unknown}
Potions
 b - 2 potions of curing {unknown}
 e - a potion of berserk rage {unknown}
 g - 2 potions of heal wounds {unknown}
 k - a potion of degeneration {unknown}
 l - a potion of magic {unknown}


   Skills:
 + Level 2.2 Dodging
 + Level 1.8 Stealth
 + Level 4.4 Spellcasting


You couldn't memorise any spells.
You knew the following spells:

 Your Spells              Type           Power      Damage    Failure   Level
a - Magic Dart            Conj           92%        1d7       1%          1
b - Searing Ray           Conj           46%        2d6       2%          2
c - Dazzling Flash        Conj/Hex       46%        N/A       5%          3
d - Fulminant Prism       Conj/Hex       11%        3d9       19%         4
e - Iskenderun's Mystic   Conj/Tloc      23%        2d6       19%         4
f - Sandblast             Erth           46%        2d11      1%          1
Your spell library was empty.

Dungeon Overview and Level Annotations

Branches:
Dungeon (2/15)

Altars:

Annotations:
D:2 Robin


Innate Abilities, Weirdness & Mutations

You are immune to sickness and miasma.
You are immune to poison.
Your flesh is very heat resistant. (rF++)
You are vulnerable to cold. (rC-)
You float through the air rather than walking.
You learn spells naturally, not from books.
Your magical power is your life essence.
You have superior vitality. (+4 MHP)


Message History

A goblin comes into view. It is wielding a +0 club.
The searing ray hits the hobgoblin.
The hobgoblin is almost dead.
The searing ray hits Robin but does no damage.
The goblin shouts!
The searing ray misses the hobgoblin.
The searing ray hits Robin.
Robin is lightly wounded.
The searing ray misses the hobgoblin.
Robin roars a battlecry!
The goblins go into a battle-frenzy!
The hobgoblin barely misses you.
The searing ray hits the hobgoblin!
You kill the hobgoblin!
The searing ray hits Robin.
Robin is lightly wounded.
The searing ray hits the hobgoblin!
You kill the hobgoblin!
You finish channelling your searing ray.
A goblin comes into view. It is wielding a +0 dagger.
Casting: Searing Ray (safe; 2% risk of failure)
Confirm with . or Enter, or press ? or * to list all spells.
Aiming: Searing Ray (safe; 2% risk of failure)
Press: ? - help, Shift-Dir - straight line, f - Robin
Aim: Robin, wielding a +2 mace of protection, wearing a +0 animal skin and wearing a +0 helmet (lightly wounded, 84% to hit)
The searing ray hits Robin.
Robin is moderately wounded.
The searing ray misses the goblin. (Press . to maintain the ray.)
The goblin shouts!
The searing ray hits Robin.
Robin is severely wounded.
The searing ray hits the goblin!
You kill the goblin!
The searing ray hits the goblin.
You kill the goblin!
Robin hits you with a +2 mace of protection!
The searing ray misses Robin.
* * * LOW HITPOINT WARNING * * *
Robin hits you with a +2 mace of protection!
You die...

###....##...##.#.#
....#####...##.#.# .####
#...##.#.# .# #...##.#.#
#########...##[#.#
##.....##...#....#
##.#.####...###### ##.#.#
#...###########. #.#.#
#.......@g.)g.g. #.#.#
#....##########. #.#.#
#..........<..# ##.#.#
#.....#.#.#.#.# .....#
#.....#.#.#...#
##.######....##.#.#####.#
#......................#
########..#.##.#########
#.........#


You could see Robin and 2 goblins.

Vanquished Creatures
  Natasha (D:2)
  An adder (D:2)
  A dart slug (D:1)
  2 ball pythons (D:2)
  2 endoplasms (D:1)
  2 giant cockroaches
  6 goblins
  5 hobgoblins
  5 jackals (D:1)
  2 quokkas
  6 bats
  A frilled lizard (D:2)
  4 kobolds
  2 rats
40 creatures vanquished.

Notes
Turn   | Place    | Note
-------+----------+-------------------------------------------
     0 | D:1      | javelincjr the Djinni Conjurer began the quest for the Orb.
     0 | D:1      | javelincjr set off with the following spells memorised:
                  | Magic Dart, Searing Ray, Dazzling Flash, Fulminant Prism,
                  | Iskenderun's Mystic Blast.
     0 | D:1      | Reached XP level 1. HP: 15/15 MP: 0/0
   395 | D:1      | Reached XP level 2. HP: 19/21 MP: 0/0
   936 | D:1      | Reached XP level 3. HP: 22/25 MP: 0/0
   936 | D:1      | Learned a level 1 spell: Sandblast
  1629 | D:2      | Reached skill level 4 in Spellcasting
  1969 | D:2      | Found a faded altar of an unknown god.
  2248 | D:2      | Noticed Natasha
  2252 | D:2      | Killed Natasha
  2253 | D:2      | Reached XP level 4. HP: 27/31 MP: 0/0
  2422 | D:2      | Noticed Robin
  2431 | D:2      | Slain by Robin

Illustrated notes

Levels and vault maps discovered:
D:1:      matt_arrival_los_fun, layout_basic, serial_bayou_ford_a
D:2:      minmay_wonky_spiral, layout_basic,
          shapermc_ecumenical_altar_mp_ritualfount, uniq_terence, uniq_robin,
          uniq_natasha

Skill      XL: |  1  2  3 |
---------------+----------+-----
Spellcasting   | 4 |  4.4
Dodging        | |  2.2
Stealth        | |  1.8

Action                   |  1- 3 |  4- 6 || total
-------------------------+-------+-------++-------
Melee: Staff             |     5 |       ||     5
 Cast: Magic Dart        |    42 |     4 ||    46
       Sandblast         |    18 |     4 ||    22
       Searing Ray       |       |     2 ||     2
 Stab: Sleeping          |     1 |       ||     1
Armor: Robe              |     4 |       ||     4
Dodge: Dodged            |    10 |     1 ||    11
